 Dungeon Crawl Stone Soup version 0.20-a0-1065-g8446734 (webtiles) character file.

1451 JiminyCricket the Fighter (level 8, -1/79 HPs)
             Began as a Minotaur Berserker on Apr 28, 2017.
             Was an Elder of Trog.
             Slain by JiminyCricket's ghost (7 damage)
             ... on level 6 of the Dungeon.
             The game lasted 00:17:32 (5897 turns).

JiminyCricket the Fighter (Minotaur Berserker)      Turns: 5897, Time: 00:17:33

Health: -1/79      AC: 12    Str: 23    XL:     8   Next: 47%
Magic:  16/16      EV:  7    Int:  4    God:    Trog [****..]
Gold:   298        SH:  3    Dex: 11    Spells: 7/7 levels left

rFire    . . .     SeeInvis .   p - +0 war axe
rCold    . . .     Gourm    .   (no shield)
rNeg     . . .     Faith    .   f - +0 plate armour
rPois    .         Spirit   .   (helmet restricted)
rElec    .         Reflect  +   (no cloak)
rCorr    .         Harm     .   (no gloves)
MR       .....                  (no boots)
Stlth    ..........             q - +3 amulet of reflection
Regen    0.3/turn               r - ring of magical power
MPRegen  0.2/turn               (no ring)

@: slowed, very slow
A: retaliatory headbutt, horns 2
a: Berserk, Trog's Hand, Brothers in Arms, Burn Spellbooks, Renounce Religion


You were on level 6 of the Dungeon.
You worshipped Trog.
Trog was greatly pleased with you.
You were not hungry.

You visited 2 branches of the dungeon, and saw 7 of its levels.

You collected 298 gold pieces.

Inventory:

Hand Weapons
 p - a +0 war axe (weapon)
Armour
 f - a +0 plate armour (worn)
 s - a +4 ring mail of magic resistance
Jewellery
 q - a +3 amulet of reflection (around neck)
 r - a ring of magical power (left hand)
 w - an uncursed ring of ice
 y - an uncursed amulet of regeneration
Wands
 t - a wand of iceblast (3/15)
 B - a wand of confusion (21/48)
Scrolls
 d - 4 scrolls of remove curse {unknown}
 e - 2 scrolls of enchant weapon {unknown}
 h - 10 scrolls of identify {unknown}
 j - a scroll of amnesia {unknown}
 l - a scroll of blinking {unknown}
 n - 2 scrolls of teleportation {unknown}
 v - 2 scrolls of recharging {unknown}
Potions
 b - a potion of cancellation {unknown}
 c - 2 potions of might {unknown}
 i - 3 potions of flight {unknown}
 k - 2 potions of curing {unknown}
 u - 2 potions of lignification {unknown}
 x - a potion of mutation {unknown}
 z - a potion of invisibility {unknown}
 A - 2 potions of heal wounds
Comestibles
 a - 6 fruits
 g - 4 meat rations
 m - 4 royal jellies
 o - 4 bread rations


   Skills:
 * Level 9.7 Fighting
 + Level 7.5 Axes
 + Level 6.3 Armour
 - Level 2.1 Dodging


You had 7 spell levels left.
You didn't know any spells.

Dungeon Overview and Level Annotations

Branches:
Dungeon (6/15)             Temple (1/1) D:5

Altars:
Ashenzari
Cheibriados
Dithmenos
Elyvilon
Fedhas
Gozag
Hepliaklqana
Nemelex Xobeh
Okawaru
Qazlal
Ru
Sif Muna
Trog
Vehumet
Wu Jian
Xom
Yredelemnul
Zin

Annotations:
D:6 JiminyCricket's ghost, novice MiBe


Innate Abilities, Weirdness & Mutations

You reflexively headbutt those who attack you in melee.
You have a pair of horns on your head.


Message History

You hit JiminyCricket's ghost.
Your headbutt misses JiminyCricket's ghost.
JiminyCricket's ghost is heavily damaged.
JiminyCricket's ghost hits you!
* * * LOW HITPOINT WARNING * * *
You are too berserk!
You feel a strong urge to attack something.
You feel your anger subside.
You are no longer berserk.
You are exhausted.
You feel yourself slow down.
There is an open door here.
There is an open door here.
JiminyCricket's ghost hits you!
* * * LOW HITPOINT WARNING * * *
JiminyCricket's ghost hits you.
* * * LOW HITPOINT WARNING * * *
You block JiminyCricket's ghost's attack.
There is a stone staircase leading up here.
JiminyCricket's ghost hits you!
You die...

#...####(.........?
+...'..'..........#
#...####?...#######
#)..# #....# # #...#
###..# #8#
#...##########8...
#.####........##....
#......W#####.#>....
#.####..@.).<#
#####...# +...+
#...# #...# #...#
#.... ##.... .....


You could see JiminyCricket's ghost.

Vanquished Creatures
  Pikel (D:5)
  2 ogres
  A centaur (D:4)
  A scorpion (D:5)
  A howler monkey (D:5)
  2 crimson imps (D:5)
  A hound (D:5)
  2 orc priests
  4 orc wizards
  Jessica (D:3)
  Ijyb (D:3)
  Natasha (D:3)
  3 worker ants (D:4)
  A howler monkey zombie (D:5)
  Robin (D:2)
  A gnoll (D:1)
  7 adders
  4 shadow imps
  3 oozes (D:2)
  2 worms (D:2)
  2 dart slugs (D:2)
  3 leopard geckos
  12 orcs
  2 ball pythons
  10 bats
  5 giant cockroaches
  5 hobgoblins
  10 jackals (D:3)
  8 kobolds
  5 quokkas
  5 frilled lizards
  20 goblins
  10 rats
  2 plants (D:1)
139 creatures vanquished.

Vanquished Creatures (others)
  2 goblins (D:3)
2 creatures vanquished.

Grand Total: 141 creatures vanquished

Notes
Turn   | Place    | Note
-------+----------+-------------------------------------------
     0 | D:1      | JiminyCricket the Minotaur Berserker began the quest for the Orb.
     0 | D:1      | Reached XP level 1. HP: 19/19 MP: 0/0
   157 | D:1      | Reached skill level 4 in Fighting
   359 | D:1      | Reached XP level 2. HP: 27/27 MP: 1/1
   668 | D:1      | Reached XP level 3. HP: 34/34 MP: 2/2
  1080 | D:2      | Noticed Robin
  1088 | D:2      | Reached ** piety under Trog
  1288 | D:1      | Reached skill level 5 in Fighting
  1521 | D:2      | Killed Robin
  1604 | D:2      | Reached XP level 4. HP: 30/42 MP: 3/3
  2116 | D:2      | Reached skill level 5 in Axes
  2230 | D:2      | Found a radiant altar of Vehumet.
  2391 | D:3      | Reached XP level 5. HP: 50/50 MP: 4/4
  2547 | D:3      | Reached *** piety under Trog
  2552 | D:3      | Reached skill level 6 in Fighting
  2621 | D:3      | Noticed Natasha
  2628 | D:3      | Killed Natasha
  3205 | D:3      | Noticed Jessica
  3208 | D:3      | Killed Jessica
  3210 | D:3      | Reached XP level 6. HP: 58/58 MP: 5/5
  3288 | D:3      | Noticed Ijyb
  3297 | D:3      | Killed Ijyb
  3579 | D:4      | Reached skill level 7 in Fighting
  3583 | D:4      | Reached **** piety under Trog
  3638 | D:4      | Reached XP level 7. HP: 40/66 MP: 6/6
  4145 | D:4      | Found a radiant altar of Vehumet.
  4154 | D:4      | Found a deep blue altar of Sif Muna.
  4177 | D:4      | Reached skill level 8 in Fighting
  4376 | D:5      | Entered Level 5 of the Dungeon
  4492 | D:5      | Reached skill level 5 in Armour
  4824 | D:5      | Found a staircase to the Ecumenical Temple.
  4980 | D:5      | Noticed Pikel
  5005 | D:5      | Killed Pikel
  5005 | D:5      | Reached skill level 9 in Fighting
  5005 | D:5      | Reached XP level 8. HP: 40/79 MP: 7/7
  5655 | Temple   | Entered the Ecumenical Temple
  5865 | D:6      | Noticed JiminyCricket's ghost (novice MiBe)
  5897 | D:6      | Slain by JiminyCricket's ghost

Vault maps used:
D:1:      roderic_crop_circles_arrival_small, minivault_25
D:2:      first_bread, lemuel_statue_altar, uniq_robin
D:3:      kennysheep_goblin_castle, minmay_curled_crystal, uniq_ijyb,
          uniq_jessica, uniq_natasha
D:4:      amethyst_overflow_temple_binary
D:5:      minmay_temple_entry_poolview, uniq_pikel
D:6:      cheibrodos_fzero, nicolae_overflow_hidden_temple,
          nicolae_tso_swordbearing_angel
Temple:   eino_temple_rhombus

Skill      XL: |  1  2  3  4  5  6  7 |
---------------+----------------------+-----
Fighting       | 4 5 6 7 9 |  9.7
Axes           | 4 5 6 7 |  7.5
Armour         | 3 4 6 |  6.3
Dodging        | |  2.1

Action                   |  1- 3 |  4- 6 |  7- 9 || total
-------------------------+-------+-------+-------++-------
Melee: Hand axe          |    99 |    49 |       ||   148
       Headbutt          |    27 |    22 |    23 ||    72
       War axe           |       |   114 |   137 ||   251
Invok: Berserk           |       |     2 |     1 ||     3
  Eat: Bread ration      |     1 |       |     1 ||     2
       Chunk             |       |     6 |     4 ||    10
Armor: Animal skin       |    14 |       |       ||    14
       Scale mail        |       |    43 |       ||    43
       Ring mail         |       |    34 |    19 ||    53
       Plate armour      |       |       |    43 ||    43
Dodge: Dodged            |    55 |   106 |    39 ||   200
Block: Other             |       |    15 |    18 ||    33
       Reflection        |       |     3 |       ||     3
